 Dungeon Sprint DCSS version 0.27-a0-633-gc6addc0a40 (webtiles) character file.

Game seed: 6753773144146917558

48548 mhtbhm the Shatterer (level 14, 0/136 HPs)
             Began as a Human Berserker on Mar 13, 2021.
             Was the Champion of Trog.
             Hit by a large rock thrown by a stone giant (41 damage)
             ... in the Dungeon (Sprint IX: "|||||||||||||||||||||||||||||").
             The game lasted 00:08:16 (4692 turns).

mhtbhm the Shatterer (Human Berserker)              Turns: 4692, Time: 00:08:16

Health: 0/136      AC: 28    Str: 25    XL:     14   Next: 87%
Magic:  14/14      EV: 18    Int:  9    God:    Trog [******]
Gold:   610        SH:  5    Dex: 12    Spells: 13/13 levels left

rFire    . . .     SeeInvis .   a - +4 great mace (vorpal)
rCold    . . .     Faith    .   (shield currently unavailable)
rNeg     . . .     Spirit   .   E - +2 plate armour {rPois}
rPois    +         Reflect  +   t - +0 helmet
rElec    .         Harm     .   u - +1 cloak of Starlight {*Dazzle EV+4 Stlth--}
rCorr    .         Rampage  .   C - +1 pair of gloves
Will     +....     NoTele   +   k - +0 pair of boots
Stlth    ..........             v - amulet of reflection
HPRegen  0.32/turn              l - +3 ring of strength
MPRegen  0.14/turn              m - +2 ring of evasion

@: berserk cooldown, slowed, very slow
A: no striking features
a: Renounce Religion, Berserk, Trog's Hand, Brothers in Arms


You were in the Dungeon.
You worshipped Trog.
Trog was exalted by your worship.
You visited 1 branch You collected 1926 gold pieces.
You spent 1316 gold pieces at shops.

Inventory:

Hand Weapons
 a - a +4 vorpal great mace (weapon)
Missiles
 o - 11 poisoned darts
 F - 8 curare-tipped darts (quivered)
Armour
 b - a +2 chain mail of poison resistance
 k - a +0 pair of boots (worn)
 t - a +0 helmet (worn)
 u - the +1 cloak of Starlight (worn) {*Dazzle EV+4 Stlth--}
   (You found it in the Dungeon)

   It affects your evasion (+4).
   It makes you much less stealthy.
 C - a +1 pair of gloves (worn)
 E - a +2 plate armour of poison resistance (worn)
Jewellery
 l - a +3 ring of strength (right hand)
 m - a +2 ring of evasion (left hand)
 v - an amulet of reflection (around neck)
 z - a ring of see invisible
 A - a ring of protection from cold
 B - a ring of protection from fire
Wands
 j - a wand of iceblast (1)
Scrolls
 h - 3 scrolls of blinking
 p - 5 scrolls of identify
 q - 4 scrolls of fog
 r - 4 scrolls of enchant armour
 s - 2 scrolls of fear
 y - a scroll of enchant weapon {unknown}
Potions
 c - 5 potions of curing
 d - 2 potions of heal wounds
 e - 4 potions of haste
 f - 4 potions of magic
 g - 2 potions of berserk rage
 i - a potion of invisibility
 n - 3 potions of resistance
 w - a potion of attraction {unknown}
 x - a potion of might {unknown}
 D - a potion of degeneration {unknown}


   Skills:
 + Level 20.9 Fighting
 + Level 21.5 Maces & Flails
 + Level 2.1 Throwing
 + Level 16.0 Armour
 + Level 13.3 Dodging
 + Level 8.0 Stealth
 + Level 5.8 Shields
 + Level 1.0 Unarmed Combat
 + Level 4.8 Evocations


You had 13 spell levels left.
You didn't know any spells.
Your spell library was empty.

Dungeon Overview and Level Annotations

Branches:
Dungeon (1/1)

Altars:
Cheibriados
Dithmenos
Elyvilon
Fedhas
Gozag
Hepliaklqana
Kikubaaqudgha
Makhleb
Nemelex Xobeh
Okawaru
Qazlal
Ru
Sif Muna
Trog
Uskayaw
Vehumet
Wu Jian
Xom
Yredelemnul
Zin
The Shining One
Beogh
Jiyva
Lugonu

Shops:
D :[*=


Message History

Your Stealth skill increases to level 8!
Unknown command.
Unknown command.
You feel much better. The rakshasa completely misses you.
Unknown command.
You bludgeon the rakshasa!!
The rakshasa is heavily wounded.
The injured rakshasa weaves a defensive illusion!
The glowing orange brain pulsates.
Unknown command.
You crush the rakshasa like a grape!!!
You kill the rakshasa!
Trog accepts your kill.
The glowing orange brain shimmers and vanishes!
The hobgoblin dissolves into shadows!
Unknown command.
You beat the glowing orange brain like a drum!!!
The glowing orange brain is almost dead.
The glowing orange brain pulsates.
You hit the glowing orange brain.
The glowing orange brain is almost dead.
The glowing orange brain blinks!
The goblin hits you but does no damage.
You barely miss the kobold.
The glowing orange brain pulsates.
Something tries to feed on your intellect!
You block the kobold's attack. The goblin completely misses you.
Your plate armour prevents you from hitting the kobold.
Your fear fades away.
The kobold closely misses you.
The kobold is blinded by the light from your cloak!
The goblin closely misses you.
Unknown command.
You strike the helpless kobold from behind!
You flatten the kobold like a pancake!!!
You kill the kobold!
The kobold's corpse dissolves into shadows!
The glowing orange brain blinks!
The goblin barely misses you.
The goblin is temporarily struck blind!
The stone giant throws a large rock.
The large rock hits you!!!
You die...

▓▓▓▓▓▓▓▓▓▓▓▓▓▓▓▓▓▓▓▓▓▓▓▓▓▓
............§.Gg@)Cgg.....
▓▓▓▓▓▓▓▓▓▓▓▓▓▓▓▓▓▓▓▓▓▓▓▓▓▓▓▓▓▓▓▓▓
.................................
▓▓▓▓▓▓▓▓▓▓▓▓▓▓▓▓▓▓▓▓▓▓▓▓♣♣♣♣♣♣♣♣♣
.............)†.†......)))÷÷....÷
▓▓▓▓▓▓▓▓▓▓▓▓▓▓▓▓▓▓▓▓▓▓▓▓♣♣♣♣♣♣♣♣♣
.................................
▓▓▓▓▓▓▓▓▓▓▓▓▓▓▓▓▓▓▓▓▓▓▓▓▓▓▓▓▓▓▓▓▓
........'.....)))")))).[[[.[[[[..


You could see a stone giant, a glowing orange brain (scary), 2 hobgoblins and a
goblin (summoned, blind).

Vanquished Creatures
  Saint Roka (D)
  A lich (D)
  A fire giant (D)
  2 stone giants (D)
  A very ugly thing (D)
  2 great orbs of eyes (D)
  3 rakshasas (D)
  A boulder beetle (D)
  A naga warrior (D)
  A ghost crab (D)
  Erolcha (D)
  4 hydras (D)
  An anaconda (D)
  An ice dragon (D)
  2 centaur warriors (D)
  2 ogre magi (D)
  2 alligators (D)
  A vampire mage (D)
  A shock serpent (D)
  Sonja (D)
  An iron troll (D)
  A goliath frog (D)
  3 deep trolls (D)
  An unseen horror (D)
  A spriggan druid (D)
  2 orc knights (D)
  2 wolf spiders (D)
  A deep elf pyromancer (D)
  2 orc sorcerers (D)
  A salamander (D)
  An elephant (D)
  4 manticores (D)
  A merfolk siren (D)
  A black mamba (D)
  A water nymph (D)
  2 naga magi (D)
  A guardian serpent (D)
  2 cane toads (D)
  A kobold demonologist (D)
  A rime drake (D)
  2 komodo dragons (D)
  2 tengu conjurers (D)
  A merfolk (D)
  4 jumping spiders (D)
  2 trolls (D)
  2 blink frogs (D)
  3 water elementals (D)
  2 tarantellas (D)
  2 wyverns (D)
  2 yaks (D)
  A basilisk (D)
  A naga (D)
  4 wargs (D)
  A soldier ant (D)
  2 water moccasins (D)
  2 hell hounds (D)
  An ice beast (D)
  A swamp drake (D)
  5 orc warriors (D)
  A black bear (D)
  2 necrophages (D)
  An ogre (D)
  3 wolves (D)
  2 centaurs (D)
  4 bullfrogs (D)
  A howler monkey (D)
  2 orc priests (D)
  4 orc wizards (D)
  An adder (D)
  A shadow imp (D)
  An adder skeleton (D)
  2 leopard geckos (D)
  5 orcs (D)
  A goblin (D)
  2 hobgoblins (D)
  A leopard gecko zombie (D)
  A rat (D)
135 creatures vanquished.

Vanquished Creatures (collateral kills)
  Kirke (D)
  A stone giant (D)
  A fire dragon (D)
  An ogre mage (D)
  2 orc high priests (D)
  2 deep trolls (D)
  2 orc knights (D)
  3 trolls (D)
  4 orc warriors (D)
17 creatures vanquished.

Vanquished Creatures (others)
  A very ugly thing (D)
  A spriggan druid (D)
  A human (D)
3 creatures vanquished.

Grand Total: 155 creatures vanquished

Notes
Turn   | Place    | Note
-------+----------+-------------------------------------------
     0 | D        | mhtbhm the Human Berserker began the quest for the Orb.
     0 | D        | Reached XP level 1. HP: 18/18 MP: 1/1
    15 | D        | Reached ** piety under Trog
    28 | D        | Reached XP level 2. HP: 14/25 MP: 2/2
   167 | D        | Noticed an ice beast
   167 | D        | Noticed an ogre
   167 | D        | Noticed a howler monkey
   171 | D        | Reached skill level 4 in Maces & Flails
   174 | D        | Killed an ice beast
   174 | D        | Reached *** piety under Trog
   175 | D        | Reached skill level 6 in Maces & Flails
   175 | D        | Reached XP level 3. HP: 34/34 MP: 3/3
   175 | D        | Reached XP level 4. HP: 40/40 MP: 4/4
   175 | D        | Reached XP level 5. HP: 46/46 MP: 5/5
   177 | D        | Killed an ogre
   178 | D        | Reached skill level 8 in Maces & Flails
   178 | D        | Reached XP level 6. HP: 55/55 MP: 6/6
   302 | D        | Found a snail-covered altar of Cheibriados.
   302 | D        | Found a shadowy altar of Dithmenos.
   302 | D        | Found a white marble altar of Elyvilon.
   302 | D        | Found a blossoming altar of Fedhas.
   302 | D        | Found an opulent altar of Gozag.
   303 | D        | Found a hazy altar of Hepliaklqana.
   304 | D        | Found a viscous altar of Jiyva.
   305 | D        | Found an ancient bone altar of Kikubaaqudgha.
   306 | D        | Found a corrupted altar of Lugonu.
   307 | D        | Found a burning altar of Makhleb.
   308 | D        | Found a sparkling altar of Nemelex Xobeh.
   309 | D        | Found an iron altar of Okawaru.
   310 | D        | Found a stormy altar of Qazlal.
   311 | D        | Found a sacrificial altar of Ru.
   312 | D        | Found a shimmering blue altar of Sif Muna.
   313 | D        | Found a bloodstained altar of Trog.
   314 | D        | Found a hide-covered altar of Uskayaw.
   315 | D        | Found a radiant altar of Vehumet.
   316 | D        | Found an ornate altar of the Wu Jian Council.
   317 | D        | Found a shimmering altar of Xom.
   318 | D        | Found a basalt altar of Yredelemnul.
   319 | D        | Found a glowing silver altar of Zin.
   320 | D        | Found a glowing golden altar of the Shining One.
   371 | D        | Noticed a black bear
   371 | D        | Noticed an orc warrior
   371 | D        | Noticed a necrophage
   374 | D        | Reached **** piety under Trog
   379 | D        | Killed a black bear
   380 | D        | Reached skill level 9 in Maces & Flails
   380 | D        | Reached skill level 5 in Dodging
   388 | D        | Reached skill level 10 in Maces & Flails
   388 | D        | Reached XP level 7. HP: 54/64 MP: 7/7
   391 | D        | Reached ***** piety under Trog
   392 | D        | Reached skill level 1 in Stealth
   501 | D        | Noticed a wyvern
   501 | D        | Noticed a soldier ant
   501 | D        | Noticed a troll
   511 | D        | Killed a wyvern
   512 | D        | Reached skill level 10 in Fighting
   512 | D        | Reached skill level 11 in Maces & Flails
   512 | D        | Reached XP level 8. HP: 72/72 MP: 8/8
   520 | D        | Killed a troll
   521 | D        | Reached skill level 12 in Maces & Flails
   521 | D        | Received a gift from Trog
   528 | D        | Reached skill level 5 in Armour
   549 | D        | Killed an unseen horror
   550 | D        | Reached skill level 13 in Maces & Flails
   550 | D        | Reached XP level 9. HP: 47/81 MP: 9/9
   801 | D        | Noticed a rime drake
   801 | D        | Noticed a cane toad
   806 | D        | Noticed a komodo dragon
   810 | D        | Noticed a blink frog
   823 | D        | Killed a rime drake
   824 | D        | Reached skill level 14 in Maces & Flails
   827 | D        | Killed a cane toad
   839 | D        | Killed a komodo dragon
   839 | D        | Reached ****** piety under Trog
   840 | D        | Reached XP level 10. HP: 38/90 MP: 10/10
   845 | D        | Received a gift from Trog
   846 | D        | Reached skill level 15 in Maces & Flails
  1134 | D        | Noticed a seven-headed hydra
  1134 | D        | Noticed a cane toad
  1134 | D        | Noticed an elephant
  1134 | D        | Noticed a six-headed hydra
  1141 | D        | Killed a seven-headed hydra
  1148 | D        | Killed a cane toad
  1300 | D        | Killed an elephant
  1300 | D        | Received a gift from Trog
  1309 | D        | Killed a six-headed hydra
  1310 | D        | Reached skill level 16 in Maces & Flails
  1310 | D        | Reached XP level 11. HP: 99/99 MP: 11/11
  1412 | D        | Reached skill level 1 in Throwing
  1426 | D        | Received a gift from Trog
  1564 | D        | Noticed an orc knight
  1573 | D        | Killed an orc knight
  1574 | D        | Reached skill level 10 in Dodging
  1605 | D        | Noticed an orc sorcerer
  1609 | D        | Received a gift from Trog
  1615 | D        | Killed an orc sorcerer
  1776 | D        | Noticed an orc sorcerer
  1776 | D        | Noticed an orc knight
  1776 | D        | Noticed an orc knight
  1777 | D        | Noticed an orc knight
  1784 | D        | Killed an orc sorcerer
  1789 | D        | Noticed an orc high priest
  1802 | D        | Killed an orc knight
  1802 | D        | Received a gift from Trog
  1803 | D        | Reached skill level 15 in Fighting
  1803 | D        | Reached skill level 17 in Maces & Flails
  1809 | D        | Reached skill level 10 in Armour
  1809 | D        | Noticed an orc high priest
  1816 | D        | Killed an orc knight
  1817 | D        | Killed an orc knight
  1821 | D        | Killed an orc high priest
  1822 | D        | Received a gift from Trog
  1823 | D        | Killed an orc high priest
  2035 | D        | Found Risubly's Book Emporium.
  2035 | D        | Noticed a deep troll
  2035 | D        | Noticed an iron troll
  2035 | D        | Noticed a deep troll
  2037 | D        | Noticed an ogre mage
  2041 | D        | Killed a deep troll
  2050 | D        | Reached XP level 12. HP: 106/111 MP: 12/12
  2050 | D        | Found Zesithro's Armour Shoppe.
  2050 | D        | Noticed a deep troll
  2058 | D        | Killed an iron troll
  2070 | D        | Killed a deep troll
  2077 | D        | Killed an ogre mage
  2077 | D        | Received a gift from Trog
  2079 | D        | Killed a deep troll
  2384 | D        | Found Kooril's Assorted Antiques.
  2388 | D        | Found Kuys's Jewellery Shoppe.
  2391 | D        | Noticed an ogre mage
  2391 | D        | Noticed a deep troll
  2393 | D        | Noticed a deep troll
  2394 | D        | Noticed an ogre mage
  2401 | D        | Killed an ogre mage
  2402 | D        | Reached skill level 18 in Maces & Flails
  2407 | D        | Killed a deep troll
  2411 | D        | Killed a deep troll
  2415 | D        | Killed an ogre mage
  2415 | D        | Received a gift from Trog
  2456 | D        | Bought an amulet of regeneration for 330 gold pieces
  2456 | D        | Bought an amulet of reflection for 330 gold pieces
  2458 | D        | Bought a silvery potion for 28 gold pieces
  2458 | D        | Bought a scroll of fog for 64 gold pieces
  2458 | D        | Bought a murky white potion for 28 gold pieces
  2458 | D        | Bought a scroll of fog for 64 gold pieces
  2458 | D        | Bought a scroll labelled ANKIOSTE JAMIR for 32 gold pieces
  2466 | D        | Bought a +2 plate armour of cold resistance for 440 gold
                  | pieces
  2583 | D        | Noticed Erolcha
  2592 | D        | Killed Erolcha
  2699 | D        | Found the +1 cloak of Starlight {*Dazzle EV+4 Stlth--}
  2784 | D        | Noticed a centaur warrior
  2784 | D        | Noticed a centaur warrior
  2791 | D        | Killed a centaur warrior
  2800 | D        | Noticed a stone giant
  2801 | D        | Noticed a sixfirhy
  2810 | D        | Noticed a fire dragon
  2813 | D        | Killed a centaur warrior
  2814 | D        | Received a gift from Trog
  2815 | D        | Noticed a vampire mage
  2818 | D        | Reached skill level 1 in Evocations
  2828 | D        | Noticed a fire giant
  2834 | D        | Killed a stone giant
  2835 | D        | Reached XP level 13. HP: 54/121 MP: 13/13
  2837 | D        | Killed a fire dragon
  2838 | D        | Reached skill level 19 in Maces & Flails
  2846 | D        | Killed a fire giant
  2859 | D        | Received a gift from Trog
  2860 | D        | Reached skill level 1 in Shields
  3133 | D        | Noticed a great orb of eyes
  3134 | D        | Noticed a great orb of eyes
  3144 | D        | Paralysed by a great orb of eyes for 4 turns
  3153 | D        | Killed a great orb of eyes
  3153 | D        | Paralysed by a great orb of eyes for 5 turns
  3161 | D        | Killed a great orb of eyes
  3317 | D        | Noticed Saint Roka
  3324 | D        | Received a gift from Trog
  3332 | D        | Noticed Kirke
  3349 | D        | Killed Saint Roka
  3358 | D        | Killed Kirke
  3683 | D        | Noticed a boulder beetle
  3687 | D        | Received a gift from Trog
  3712 | D        | Killed a boulder beetle
  3799 | D        | Noticed an eight-headed hydra
  3799 | D        | Noticed a five-headed hydra
  3807 | D        | Killed an eight-headed hydra
  3807 | D        | Received a gift from Trog
  3808 | D        | Reached skill level 20 in Maces & Flails
  3808 | D        | Noticed a ghost crab
  3815 | D        | Reached skill level 5 in Stealth
  3815 | D        | Reached XP level 14. HP: 105/133 MP: 14/14
  4103 | D        | Received a gift from Trog
  4104 | D        | Reached skill level 1 in Unarmed Combat
  4116 | D        | Reached skill level 15 in Armour
  4218 | D        | Received a gift from Trog
  4248 | D        | Received a gift from Trog
  4538 | D        | Noticed Sonja
  4545 | D        | Killed Sonja
  4632 | D        | Noticed a stone giant
  4632 | D        | Noticed a red very ugly thing
  4632 | D        | Noticed a lich
  4638 | D        | Killed a stone giant
  4638 | D        | Noticed a purple very ugly thing
  4639 | D        | Reached skill level 21 in Maces & Flails
  4641 | D        | Killed a red very ugly thing
  4641 | D        | Received a gift from Trog
  4646 | D        | Noticed a stone giant
  4653 | D        | Killed a lich
  4654 | D        | Reached skill level 5 in Shields
  4661 | D        | Killed a purple very ugly thing
  4672 | D        | Received a gift from Trog
  4681 | D        | Noticed a stone giant
  4684 | D        | Killed a stone giant
  4692 | D        | Hit by a large rock thrown by a stone giant

Illustrated notes

Levels and vault maps discovered:
D:        linesprint [early_d, line_temple, items_1, d_10, items_2, lair_1,
          lair_end, items_3, orc_1, orc_end, items_4, d_15, swamp_1, shoals_1,
          snake_1, spider_1, d_20, vaults_1, items_5, swamp_end, shoals_end,
          snake_end, spider_end, vaults_end, d_27, items_6, zot_1, zot_end,
          crypt_end, forest_end, elf_end, slime_end, tomb_end, abyss_end,
          pan_hell_end]

Skill      XL: |  1  2  3  4  5  6  7  8  9 10 11 12 13 14 |
---------------+-------------------------------------------+-----
Fighting       | 6 7 9 10 11 12 13 15 17 19 20 | 20.9
Maces & Flails | 6 8 10 11 13 14 16 17 18 20 21 | 21.5
Armour         | 3 4 5 6 8 10 12 14 16 | 16.0
Dodging        | 3 4 5 6 7 9 11 12 13 | 13.3
Stealth        | 1 2 3 5 8 |  8.0
Throwing       | 1 2 |  2.1
Evocations     | 1 3 4 |  4.8
Shields        | 3 5 |  5.8
Unarmed Combat | 1 |  1.0

Action                   |  1- 3 |  4- 6 |  7- 9 | 10-12 | 13-15 || total
-------------------------+-------+-------+-------+-------+-------++-------
Melee: Mace              |    29 |     8 |       |       |       ||    37
       Dire flail        |       |    14 |    72 |   234 |    57 ||   377
       Great mace        |       |       |       |       |   157 ||   157
       Unarmed           |       |       |       |       |     1 ||     1
Throw: Dart              |       |       |       |     1 |     1 ||     2
Invok: Berserk           |     1 |     1 |     2 |     8 |     9 ||    21
       Brothers in Arms  |       |       |       |     4 |     1 ||     5
Evoke: Wand              |       |       |       |     2 |     7 ||     9
  Use: Potion            |       |       |     2 |     2 |     5 ||     9
 Stab: Invisible         |       |       |       |       |     7 ||     7
Armor: Animal skin       |     5 |       |       |       |       ||     5
       Ring mail         |       |    10 |    33 |    45 |       ||    88
       Chain mail        |       |       |       |     7 |    17 ||    24
       Plate armour      |       |       |       |       |    66 ||    66
Dodge: Dodged            |    17 |     3 |    42 |   116 |   100 ||   278
Block: Other             |       |       |       |     4 |    32 ||    36
       Reflection        |       |       |       |     1 |       ||     1

Table legend: (Time is in decaauts)
 A = Elapsed time spent in this place.
 B = Non-inter-level travel time spent in this place.
 C = Inter-level travel time spent in this place.
 D = Time resting spent in this place.
 E = Time spent auto-exploring this place.
 F = Levels seen in this place.
 G = Mean time per level.
                   A        B        C        D        E       F      G
               +--------+--------+--------+--------+--------+-----+--------+
         Total |   4654 |   4654 |      0 |   2951 |    336 |   1 | 4654.0 |
       Dungeon |   4654 |   4654 |      0 |   2951 |    336 |   1 | 4654.0 |
               +--------+--------+--------+--------+--------+-----+--------+

Top non-repeatable levels by time:
       D: 4654 daAuts
